 Dungeon Crawl Stone Soup version 0.19.6-3-g7d5932f76a (webtiles) character file.

39 EnegeticOcto the Conjurer (level 3, -1/21 HPs)
             Began as a High Elf Fire Elementalist on Feb 8, 2021.
             Slain by a hound skeleton (3 damage)
             ... on level 4 of the Dungeon.
             The game lasted 00:03:40 (344 turns).

EnegeticOcto the Conjurer (HEFE)                     Turns: 344, Time: 00:03:41

Health: -1/21      AC:  3    Str:  7    XL:     3   Next: 28%
Magic:  0/7        EV: 13    Int: 20    God:
Gold:   55         SH:  0    Dex: 15    Spells: 3 memorised, 0 levels left

rFire  . . .     SeeInvis .     h - +1 dagger (venom)
rCold  . . .     Gourm    .     a - +0 robe
rNeg   . . .     Faith    .     (no shield)
rPois  .         Spirit   .     (no helmet)
rElec  .         Reflect  .     (no cloak)
rCorr  .         Harm     .     (no gloves)
MR     .....                    l - +0 pair of boots
Stlth  ++........               (no amulet)
                                (no ring)
                                (no ring)

@: no status effects
A: no striking features
a: no special abilities


You were on level 4 of the Dungeon.
You were not hungry.

You visited 1 branch of the dungeon, and saw 4 of its levels.

You collected 55 gold pieces.

Inventory:

Hand Weapons
 g - a +0 short sword
   (You took it off a kobold on level 1 of the Dungeon)
 h - a +1 dagger of venom (weapon)
   (You took it off a kobold on level 1 of the Dungeon)
Armour
 a - a +0 robe (worn)
 l - a +0 pair of boots (worn)
   (You found it on level 3 of the Dungeon)
Scrolls
 d - a scroll of identify {unknown}
 i - a scroll of blinking {unknown}
 j - a scroll of noise {unknown}
Potions
 e - a potion of heal wounds {unknown}
 f - a potion of curing {unknown}
 k - 2 potions of flight {unknown}
Books
 b - a book of Flames

   Spells                             Type                      Level
   a - Flame Tongue                   Conjuration/Fire             1
   b - Throw Flame                    Conjuration/Fire             2
   c - Conjure Flame                  Conjuration/Fire             3
   d - Inner Flame                    Hexes/Fire                   3
   e - Sticky Flame                   Conjuration/Fire             4
   f - Fireball                       Conjuration/Fire             5
Comestibles
 c - 2 bread rations


   Skills:
 - Level 2.1 Dodging
 - Level 2.1 Stealth
 - Level 2.4 Spellcasting
 + Level 3.5 Conjurations
 - Level 3.0 Fire Magic


You couldn't memorise any spells.
You knew the following spells:

 Your Spells              Type           Power        Failure   Level  Hunger
a - Flame Tongue          Conj/Fire      ###..        4%          1    #......
b - Throw Flame           Conj/Fire      ###...       10%         2    ##.....
c - Conjure Flame         Conj/Fire      ###.....     14%         3    ###....


Dungeon Overview and Level Annotations

Branches:
Dungeon (4/15)
 Temple: D:4-7

Altars:


Message History

Found a spear.
You open the door.
There is a stone staircase leading down here.
Found a pair of boots and a club.
You see here a pair of boots.
Wield which item (- for none, * to show all)? (? for menu, Esc to quit)
Okay, then.
l - a pair of boots Wear which item? (? for menu, Esc to quit)
You start putting on your armour.
You continue putting on your pair of boots. x4
You finish putting on your +0 pair of boots.
(D) Dungeon
Where to? (Enter - D:2, ? - help)
There is a stone staircase leading down here.
You climb downwards.
There is a stone staircase leading up here.
A quokka comes into view.
Casting: Flame Tongue
Confirm with . or Enter, or press ? or * to list all spells.
Aiming: Flame Tongue
Press: ? - help, Shift-Dir - straight line, f - quokka
Aim: a quokka (resting)
The flame tongue hits the quokka.
You kill the quokka!
Found a meat ration.
A hound skeleton comes into view.
Casting: Flame Tongue
Confirm with . or Enter, or press ? or * to list all spells.
Aiming: Flame Tongue
Press: ? - help, Shift-Dir - straight line, f - hound skeleton
Aim: a hound skeleton (resting)
The flame tongue hits the hound skeleton.
The hound skeleton is lightly damaged.
Casting: Flame Tongue
Confirm with . or Enter, or press ? or * to list all spells.
Aiming: Flame Tongue
Press: ? - help, Shift-Dir - straight line, f/p - hound skeleton
Aim: a hound skeleton (lightly damaged)
The flame tongue misses the hound skeleton.
Casting: Flame Tongue
Confirm with . or Enter, or press ? or * to list all spells.
Aiming: Flame Tongue
Press: ? - help, Shift-Dir - straight line, f/p - hound skeleton
Aim: a hound skeleton (lightly damaged)
The flame tongue hits the hound skeleton.
The hound skeleton is lightly damaged.
The hound skeleton bites you.
The hound skeleton bites you but does no damage.
Casting: Flame Tongue
Confirm with . or Enter, or press ? or * to list all spells.
Aiming: Flame Tongue
Press: ? - help, Shift-Dir - straight line, f/p - hound skeleton
Aim: a hound skeleton (lightly damaged)
The flame tongue hits the hound skeleton.
The hound skeleton is lightly damaged.
The hound skeleton bites you.
Casting: Flame Tongue
Confirm with . or Enter, or press ? or * to list all spells.
Aiming: Flame Tongue
Press: ? - help, Shift-Dir - straight line, f/p - hound skeleton
Aim: a hound skeleton (lightly damaged)
The flame tongue hits the hound skeleton.
The hound skeleton is heavily damaged.
The hound skeleton bites you.
Casting: Flame Tongue
Confirm with . or Enter, or press ? or * to list all spells.
Aiming: Flame Tongue
Press: ? - help, Shift-Dir - straight line, f/p - hound skeleton
Aim: a hound skeleton (heavily damaged)
The flame tongue hits the hound skeleton.
The hound skeleton is almost destroyed.
The hound skeleton bites you.
Casting: Flame Tongue
Confirm with . or Enter, or press ? or * to list all spells.
Aiming: Flame Tongue
Press: ? - help, Shift-Dir - straight line, f/p - hound skeleton
Aim: a hound skeleton (almost destroyed)
The flame tongue hits the hound skeleton.
The hound skeleton is almost destroyed.
The hound skeleton bites you. The hound skeleton barely misses you.
You barely miss the hound skeleton.
The hound skeleton is almost destroyed.
The hound skeleton closely misses you.
You hit the hound skeleton.
The hound skeleton is almost destroyed.
The hound skeleton bites you.
You barely miss the hound skeleton.
The hound skeleton is almost destroyed.
The hound skeleton bites you but does no damage.
The hound skeleton bites you.
* * * LOW HITPOINT WARNING * * *
You hit the hound skeleton.
The hound skeleton is almost destroyed.
The hound skeleton bites you.
* * * LOW HITPOINT WARNING * * *
You barely miss the hound skeleton.
The hound skeleton is almost destroyed.
The hound skeleton bites you.
You die...

#.# #.# .. #.#
####.# #.#
##.....#
###.####.......
#.............
#.#.......##
#.#####...# #
#Z@.#
#.............
#..###.%#####.
#. #... #....
######


You could see a hound skeleton.

Vanquished Creatures
  Jessica (D:2)
  A giant cockroach (D:1)
  A hobgoblin (D:1)
  2 kobolds (D:1)
  A quokka (D:4)
  A ball python (D:1)
  2 bats (D:2)
  A frilled lizard (D:1)
  6 rats
16 creatures vanquished.

Notes
Turn   | Place    | Note
-------+----------+-------------------------------------------
     0 | D:1      | EnegeticOcto the High Elf Fire Elementalist began the quest for the Orb.
     0 | D:1      | Reached XP level 1. HP: 11/11 MP: 4/4
   117 | D:1      | Reached skill level 2 in Conjurations
   171 | D:1      | Reached XP level 2. HP: 7/17 MP: 0/6
   220 | D:2      | Noticed Jessica
   223 | D:2      | Killed Jessica
   223 | D:2      | Reached skill level 3 in Conjurations
   223 | D:2      | Reached XP level 3. HP: 12/21 MP: 2/7
   227 | D:2      | Learned a level 2 spell: Throw Flame
   231 | D:2      | Learned a level 3 spell: Conjure Flame
   344 | D:4      | Slain by a hound skeleton

Skill      XL: |  1  2 |
---------------+-------+-----
Conjurations   | 2 3 |  3.5
Dodging        | |  2.1
Stealth        | |  2.1
Spellcasting   | |  2.4
Fire Magic     | |  3.0

Action                   || total
-------------------------++-------
Melee: Short sword       ||    11
       Unarmed           ||     2
       Dagger            ||     7
 Cast: Flame Tongue      ||    29
 Stab: Sleeping          ||     1
Armor: Robe              ||     4
Dodge: Dodged            ||    21
